 Dungeon Crawl Stone Soup version 0.15-a0-179-gb770d62 (webtiles) character file.

788 PolkaDot the Cutter (level 7, -1/46 HPs)
             Began as a Vampire Air Elementalist on Apr 19, 2014.
             Was an Initiate of Sif Muna.
             Slain by a scorpion (6 damage)
             ... on Level 5 of the Dungeon.
             The game lasted 00:19:46 (4469 turns).

PolkaDot the Cutter (Vampire Air Elementalist)      Turns: 4469, Time: 00:19:46

HP  -1/46        AC  9     Str  7      XL: 7   Next:  1%
MP   0/12        EV 12     Int 19      God: Sif Muna [......]
Gold 269         SH  0     Dex 14      Spells:  2 memorised,  6 levels left

rFire  . . .     SeeInvis +     o - +1,+0 dagger (protect)
rCold  . . .     Clarity  .     a - +0 robe
rNeg   . . .     Conserve +     (no shield)
rPois  .         rCorr    .     c - +0 helmet
rElec  .         rRot     .     (no cloak)
SustAb . .       Spirit   .     (no gloves)
rMut   .         Warding  .     p - +0 pair of boots
Saprov . . .     Stasis   .     m - amulet of conservation
MR     .....                    (no ring)
                                (no ring)

@: regenerating quickly, lethally poisoned, very slightly contaminated, not
resistant to hostile enchantments, stealthy
A: bottle blood, fangs 3, see invisible, unbreathing
a: Bottle Blood, Renounce Religion


You were on level 5 of the Dungeon.
You worshipped Sif Muna.
Sif Muna was noncommittal.
You were full.

You visited 2 branches of the dungeon, and saw 6 of its levels.

You collected 269 gold pieces.

Inventory:

Hand weapons
 h - a cursed +2,+0 short sword
 o - a +1,+0 dagger of protection (weapon)
Armour
 a - a +0 robe (worn)
 c - a +0 helmet (worn)
 p - a +0 pair of boots (worn)
Scrolls
 d - 2 scrolls of teleportation
 e - a scroll of blinking
 g - a scroll of fear {unknown}
 j - a scroll of enchant armour {unknown}
 k - 3 scrolls of amnesia {unknown}
 l - a scroll of magic mapping
 q - a scroll of noise {unknown}
 s - 2 scrolls of recharging {unknown}
 t - 2 scrolls of remove curse
Jewellery
 m - an amulet of conservation (around neck)
Potions
 i - 3 potions of restore abilities
 n - 2 potions of heal wounds
Books
 b - a book of Air

   Spells                             Type                      Level
   *Shock                             Conjuration/Air              1
   Swiftness                          Charms/Air                   2
   Repel Missiles                     Charms/Air                   2
   Flight                             Charms/Air                   3
   *Static Discharge                  Conjuration/Air              3
   Lightning Bolt                     Conjuration/Air              5


   Skills:
 * Level 6.4 Short Blades
 - Level 2.1 Dodging
 - Level 3.0 Stealth
 - Level 2.0 Spellcasting
 - Level 0.6 Conjurations
 + Level 5.2 Air Magic


You had 6 spell levels left.
You knew the following spells:

 Your Spells              Type           Power        Failure   Level  Hunger
a - Shock                 Conj/Air       ##..         8%          1    #......
s - Static Discharge      Conj/Air       ##......     17%         3    ####...


Dungeon Overview and Level Annotations

Branches:
Dungeon (5/15)             Temple (1/1) D:5

Altars:
Elyvilon
Fedhas
Makhleb
Nemelex Xobeh
Sif Muna
Vehumet
Yredelemnul
Zin


Innate Abilities, Weirdness & Mutations

Your natural rate of healing is unusually fast.
You can bottle blood from corpses.
You have razor-sharp teeth.*
You have supernaturally acute eyesight.
You can survive without breathing.*


Message History

* * * LOW HITPOINT WARNING * * *
You feel sick.
The scorpion stings you but does no damage.
You hit the scorpion but do no damage.
The scorpion is almost dead.
* * * LOW HITPOINT WARNING * * *
You feel sick.
The scorpion stings you but does no damage.
You barely miss the scorpion.
The scorpion is almost dead.
* * * LOW HITPOINT WARNING * * *
You feel sick.
You hit the scorpion.
The scorpion is almost dead.
* * * LOW HITPOINT WARNING * * *
You feel sick. The scorpion barely misses you.
You hit the scorpion but do no damage.
The scorpion is almost dead.
The scorpion stings you.
You die...

....##.....#...#.#######..#
.....#.....#>......>.%....#
....##.....##..#.#####....#
###.########...#.# #....#
#..........>..#.# #....#
#............%#%# #....#
#............##.# #....#
#............##s# #.s..#
###.#.##########@#####....#
.......#######.......#..(.#
.........................g#
........................
.......#######.......#..
.......# #.....!.# .......#
#..!...?#
.......#######.......
....................


You could see a scorpion.

Vanquished Creatures
  Menkaure (D:5)
  Sigmund (D:2)
  Blork the orc (D:4)
  2 orc priests (D:4)
  3 worker ants
  An adder (D:2)
  4 gnolls (D:4)
  An inept item mimic (D:4)
  An adder zombie (D:5)
  A giant eyeball (D:5)
  2 oozes
  9 orcs
  A bat zombie (D:5)
  8 hobgoblins
  7 kobolds
  2 quokkas (D:3)
  2 bats
  5 giant cockroaches
  4 giant geckos
  4 giant newts
  8 goblins
  10 rats
78 creatures vanquished.

Notes
Turn   | Place    | Note
--------------------------------------------------------------
     0 | D:1      | PolkaDot, the Vampire Air Elementalist, began the quest for the Orb.
     0 | D:1      | Reached XP level 1. HP: 13/13 MP: 3/3
   489 | D:1      | Reached skill level 1 in Short Blades
   891 | D:1      | Reached XP level 2. HP: 19/19 MP: 4/4
  1529 | D:2      | Reached XP level 3. HP: 15/24 MP: 4/6
  2222 | D:2      | Noticed Sigmund
  2232 | D:2      | Killed Sigmund
  2232 | D:2      | Reached skill level 4 in Air Magic
  2232 | D:2      | Reached XP level 4. HP: 30/30 MP: 7/7
  3102 | D:3      | Found a deep blue altar of Sif Muna.
  3108 | D:3      | Became a worshipper of Sif Muna the Loreminder
  3167 | D:4      | Reached XP level 5. HP: 35/35 MP: 9/9
  3223 | D:4      | Noticed Blork the orc
  3239 | D:4      | Killed Blork the orc
  3239 | D:4      | Reached skill level 5 in Short Blades
  3239 | D:4      | Reached XP level 6. HP: 31/41 MP: 10/10
  3831 | D:5      | Entered Level 5 of the Dungeon
  3851 | D:5      | Paralysed by a giant eyeball for 3 turns
  3857 | D:5      | Paralysed by a giant eyeball for 2 turns
  3862 | D:5      | Paralysed by a giant eyeball for 2 turns
  4033 | D:5      | Found a staircase to the Ecumenical Temple.
  4033 | D:5      | Noticed Menkaure
  4040 | Temple   | Entered the Ecumenical Temple
  4248 | D:5      | Killed Menkaure
  4248 | D:5      | Reached skill level 6 in Short Blades
  4248 | D:5      | Reached skill level 5 in Air Magic
  4280 | D:5      | Reached XP level 7. HP: 46/46 MP: 12/12
  4319 | D:5      | Learned a level 3 spell: Static Discharge
  4469 | D:5      | Slain by a scorpion

Action                   |  1- 3 |  4- 6 |  7- 9 || total
-------------------------+-------+-------+-------++-------
Melee: Short sword       |    77 |       |       ||    77
       Unarmed           |     5 |       |       ||     5
       Dagger            |    42 |   217 |    67 ||   326
 Cast: Shock             |    13 |    28 |     3 ||    44
       Static Discharge  |       |       |     3 ||     3
  Use: Potion            |     5 |     4 |     1 ||    10
       Scroll            |       |     7 |       ||     7
 Stab: Sleeping          |     4 |     4 |       ||     8
       Distracted        |       |     1 |       ||     1
